 Dungeon Crawl Stone Soup version 0.18-a0-1348-g32b6e23 (webtiles) character file.

1982 Eptagon the Cleaver (level 9, -9/76 HPs)
             Began as a Gargoyle Berserker on Feb 18, 2016.
             Was a Priest of Trog.
             Killed from afar by Herrn's ghost (18 damage)
             ... with a flame tongue
             ... on level 6 of the Dungeon.
             The game lasted 00:10:27 (5440 turns).

Eptagon the Cleaver (Gargoyle Berserker)            Turns: 5440, Time: 00:10:27

Health: -9/76      AC: 15    Str: 26    XL:     9   Next: 20%
Magic:  9/9        EV:  9    Int:  8    God:    Trog [***...]
Gold:   262        SH:  0    Dex: 12    Spells: 0 memorised, 8 levels left

rFire  . . .     SeeInvis .     a - +0 war axe
rCold  . . .     Gourm    .     v - +0 chain mail
rNeg   + . .     Faith    .     (no shield)
rPois  ∞         Spirit   .     m - +0 helmet
rElec  +         Dismiss  .     (no cloak)
rCorr  .         Reflect  .     (no gloves)
SustAt .         Harm     .     (no boots)
MR     .....                    (no amulet)
Stlth  ..........               (no ring)
                                (no ring)

@: berserking (expiring), liquid flames, glowing, very quick, not resistant to
hostile enchantments, extremely unstealthy
A: negative energy resistance 1, electricity resistance, unbreathing,
petrification resistance, rot immunity, AC +5
a: Berserk, Trog's Hand, Burn Spellbooks, Renounce Religion


You were on level 6 of the Dungeon.
You worshipped Trog.
Trog was most pleased with you.
You were very hungry.

You visited 1 branch of the dungeon, and saw 6 of its levels.
You also visited: Ossuary.

You collected 262 gold pieces.

Inventory:

Hand Weapons
 a - a +0 war axe (weapon)
Armour
 m - a +0 helmet (worn)
 v - a +0 chain mail (worn)
Jewellery
 d - an uncursed ring of ice
 s - an uncursed ring of teleportation
Wands
 j - a wand of disintegration (9/24)
 t - a wand of disintegration (9/24)
Scrolls
 e - 6 scrolls of teleportation
 f - 3 scrolls of enchant weapon
 n - 2 scrolls of recharging
 x - a scroll of fog
 D - a scroll of magic mapping
Potions
 g - 2 potions of mutation {unknown}
 h - a potion of curing
 i - 2 potions of heal wounds
 k - 5 potions of haste {unknown}
 l - 4 potions of invisibility {unknown}
 o - 4 potions of agility {unknown}
 z - a potion of flight
 A - 2 potions of lignification {unknown}
 B - a potion of might
 C - a potion of resistance
Comestibles
 b - a beef jerky
 c - 6 bread rations
 q - 3 royal jellies
 r - 2 fruits
 u - 2 meat rations
 w - 2 slices of pizza


   Skills:
 - Level 3.2 Fighting
 + Level 11.0 Axes
 - Level 2.1 Armour
 - Level 1.5 Dodging


You had 8 spell levels left.
You didn't know any spells.

Dungeon Overview and Level Annotations

Branches:
Dungeon (6/15)             Temple (0/1) D:5

Altars:
Nemelex Xobeh
Sif Muna

Annotations:
D:6 Herrn's ghost, novice NaFE


Innate Abilities, Weirdness & Mutations

You are resistant to torment.
Your stone body is resilient (AC +5).
You are immune to poison.
You resist negative energy.
You are resistant to electric shocks.
You can survive without breathing.
You are immune to petrification.
You are immune to rotting.


Message History

* * * LOW HITPOINT WARNING * * *
Herrn's ghost misses you.
You closely miss Herrn's ghost.
Herrn's ghost is moderately damaged.
You are covered in liquid flames!
* * * LOW HITPOINT WARNING * * *
You slash Herrn's ghost!
Herrn's ghost is moderately damaged.
You are covered in liquid flames!
Herrn's ghost sprays you with burning goo.
The sticky flame hits you!
You are covered in liquid flames!
* * * LOW HITPOINT WARNING * * *
You hit Herrn's ghost.
Herrn's ghost is heavily damaged.
You are covered in liquid flames!
* * * LOW HITPOINT WARNING * * *
Herrn's ghost gestures at you while chanting.
The flame tongue hits you!
You die...

..######. ...#.. #### #.#.#
#... ### #...###... #.#
#..#...... ###.####
######....##... #..8...#
###.....).####...
##(.....#####...#####..##....
#.8...8....W@.######.........
#.......########...(.##.#####
#...8..## #.######..?...
#.....## #........####.
#.....# ########## ##
#.....## ####...# #...##
#....##


You could see Herrn's ghost.

Vanquished Creatures
  Grinder (D:4)
  A wraith (Ossuary)
  Eustachio (D:4)
  A water moccasin (D:6)
  An ice beast (D:6)
  A black bear (D:4)
  A phantom (D:4)
  An ogre (D:5)
  A centaur (D:6)
  The ghost of Duskembrace the Caller, an amateur HuSu (D:3)
  2 scorpions
  4 wights (D:4)
  3 hounds
  An orc priest (D:6)
  3 orc wizards
  Jessica (D:2)
  A giant frog skeleton (D:6)
  Ijyb (D:3)
  An iguana (D:4)
  4 worker ants
  A mummy (Ossuary)
  7 adders
  3 adder skeletons (D:4)
  7 worms
  3 giant geckos
  12 orcs
  8 bats
  4 giant cockroaches
  6 goblins
  7 hobgoblins
  7 jackals (D:3)
  2 quokkas
  A ball python (D:3)
  A ball python skeleton (D:4)
  5 giant newts
  5 gnoll skeletons (Ossuary)
  8 kobolds
  5 kobold skeletons (Ossuary)
  15 orc skeletons (Ossuary)
  4 rats
142 creatures vanquished.

Notes
Turn   | Place    | Note
--------------------------------------------------------------
     0 | D:1      | Eptagon the Gargoyle Berserker began the quest for the Orb.
     0 | D:1      | Reached XP level 1. HP: 14/14 MP: 1/1
   373 | D:1      | Reached XP level 2. HP: 19/19 MP: 2/2
   872 | D:2      | Reached XP level 3. HP: 13/23 MP: 3/3
  1142 | D:2      | Reached skill level 4 in Axes
  1365 | D:2      | Reached XP level 4. HP: 24/28 MP: 4/4
  1377 | D:2      | Noticed Jessica
  1381 | D:2      | Killed Jessica
  1381 | D:2      | Reached ** piety under Trog
  1709 | D:3      | Reached skill level 5 in Axes
  1727 | D:3      | Found a sparkling altar of Nemelex Xobeh.
  1729 | D:3      | Noticed Duskembrace's ghost (amateur HuSu)
  1740 | D:3      | Killed Duskembrace's ghost
  1740 | D:3      | Reached XP level 5. HP: 32/32 MP: 5/5
  2061 | D:3      | Noticed Ijyb
  2071 | D:3      | Killed Ijyb
  2071 | D:3      | Reached XP level 6. HP: 11/37 MP: 6/6
  2313 | D:3      | Reached skill level 6 in Axes
  2686 | D:4      | Reached skill level 7 in Axes
  2686 | D:4      | Reached XP level 7. HP: 31/41 MP: 7/7
  2723 | D:4      | Noticed Eustachio
  2730 | D:4      | Reached *** piety under Trog
  2736 | D:4      | Killed Eustachio
  2980 | D:4      | Noticed Grinder
  2992 | D:4      | Paralysed by Grinder for 7 turns
  3004 | D:4      | Killed Grinder
  3004 | D:4      | Reached skill level 8 in Axes
  3004 | D:4      | Reached XP level 8. HP: 22/46 MP: 8/8
  3383 | D:4      | Reached skill level 9 in Axes
  3696 | D:5      | Entered Level 5 of the Dungeon
  3725 | D:5      | Found a deep blue altar of Sif Muna.
  3929 | D:5      | Found a staircase to the Ecumenical Temple.
  4860 | D:6      | Reached skill level 10 in Axes
  5025 | D:6      | Found a sand-covered staircase.
  5059 | Ossuary  | Entered an ossuary
  5059 | Ossuary  | Noticed a wraith
  5059 | Ossuary  | Noticed a wraith
  5059 | Ossuary  | Noticed a wraith
  5150 | Ossuary  | Noticed a wraith
  5159 | Ossuary  | Killed a wraith
  5159 | Ossuary  | Reached XP level 9. HP: 51/51 MP: 9/9
  5340 | D:6      | Reached skill level 11 in Axes
  5363 | D:6      | Noticed Herrn's ghost (novice NaFE)
  5440 | D:6      | Killed from afar by Herrn's ghost

Vault maps used:
D:1:      dpeg_arrival_water_temple_mockup, st_stairs_7
D:2:      uniq_jessica
D:3:      nemelex_xobeh_ov_fountains_minmay, kennysheep_generic_room_8,
          uniq_iyjb
D:4:      black_bear_nest_1, first_bread, grunt_tough_drop, uniq_eustachio,
          uniq_grinder
D:5:      minmay_temple_entry_junction2, led_sif_pool
D:6:      serial_shops, shop, nicolae_ossuary_entry_monument
Ossuary:  ossuary_due_mausoleum

Action                   |  1- 3 |  4- 6 |  7- 9 || total
-------------------------+-------+-------+-------++-------
Melee: Hand axe          |   107 |   153 |   175 ||   435
       War axe           |       |       |    81 ||    81
Invok: Berserk           |     1 |     6 |     9 ||    16
Evoke: Wand              |       |       |     2 ||     2
  Use: Scroll            |     3 |     9 |     8 ||    20
  Eat: Chunk             |     3 |     9 |    16 ||    28
       Fruit             |       |       |     2 ||     2
